 Dungeon Crawl Stone Soup version 0.30-a0-149-g7f746667c4 (webtiles) character file.

Game seed: 5490357784098787250

1038 Iusername the Poker (level 8, -1/70 HPs)
             Began as a Minotaur Fighter on Sept 26, 2022.
             Slain by a steam dragon (8 damage)
             ... on level 5 of the Dungeon.
             The game lasted 00:07:27 (6159 turns).

Iusername the Poker (Minotaur Fighter)              Turns: 6159, Time: 00:07:29

Health: -1/70      AC:  9    Str: 22    XL:     8   Next: 4%
Magic:  7/7        EV: 10    Int: 11    God:
Gold:   278        SH:  4    Dex: 11    Spells: 7/7 levels left

rFire   . . .      SeeInvis .    a - +1 trident
rCold   . . .      Faith    .    c - +0 buckler
rNeg    . . .      Spirit   .    b - +0 scale mail
rPois   .          Reflect  .    (helmet restricted)
rElec   .          Harm     .    (no cloak)
rCorr   .          Rampage  .    t - +0 pair of gloves
Will    .....                    (no boots)
Stlth   ..........               (no amulet)
HPRegen 0.21/turn                p - +6 ring of intelligence
MPRegen 0.10/turn                (no ring)

@: no status effects
A: horns 2, retaliatory headbutt
a: no special abilities


You were on level 5 of the Dungeon.
You visited 1 branch of the dungeon, and saw 5 of its levels.

You collected 278 gold pieces.

Inventory:

Hand Weapons
 a - a +1 trident (weapon)
Missiles
 e - 3 javelins
Armour
 b - a +0 scale mail (worn)
 c - a +0 buckler (worn)
 t - a +0 pair of gloves (worn)
Jewellery
 p - a +6 ring of intelligence (left hand)
Wands
 d - a wand of flame (13)
 u - a wand of iceblast (9) (quivered)
Scrolls
 l - 2 scrolls of fog
 m - a scroll of silence
 o - a scroll of poison
 q - a scroll of amnesia
 v - a scroll of magic mapping
 x - a scroll of vulnerability
Potions
 f - a potion of attraction {unknown}
 g - 2 potions of haste {unknown}
 h - 3 potions of curing
 n - a potion of ambrosia {unknown}
 r - a potion of heal wounds {unknown}
 w - 2 potions of flight {unknown}
 z - a potion of cancellation {unknown}


   Skills:
 + Level 5.6 Fighting
 + Level 7.5 Polearms
 + Level 0.4 Throwing
 + Level 7.2 Armour
 + Level 1.7 Dodging
 + Level 0.3 Stealth
 + Level 4.3 Shields
 + Level 1.0 Evocations


You had 7 spell levels left.
You didn't know any spells.
Your spell library contained the following spells:

 Spells                   Type           Power      Damage    Failure   Level
 Ozocubu's Armour         Ice            0%         N/A       97%         3
 Ozocubu's Refrigeration  Ice            0%         4d7       100%        7


Dungeon Overview and Level Annotations

Branches:
Dungeon (5/15)
 Temple: D:4-7

Altars:

Shops:
D:1 !   D:4 (


Innate Abilities, Weirdness & Mutations

You have a pair of horns on your head.
You reflexively headbutt those who attack you in melee.


Message History

You are engulfed in a cloud of scalding steam.
The steam dragon breathes steam at you.
The ball of steam hits the steam dragon!
The steam dragon resists.
The ball of steam hits you. The steam dragon barely misses you.
The steam dragon claws you but does no damage.
You hit the steam dragon but do no damage.
You headbutt the steam dragon.
The steam dragon is moderately wounded.
You are engulfed in a cloud of scalding steam.
The steam dragon misses you. You block the steam dragon's attack.
You hit the steam dragon.
You headbutt the steam dragon, but do no damage.
The steam dragon is heavily wounded.
You are engulfed in a cloud of scalding steam.
The steam dragon breathes steam at you. The ball of steam hits you!
You puncture the steam dragon! Your headbutt misses the steam dragon.
The steam dragon is almost dead.
You are engulfed in a cloud of scalding steam.
The steam dragon barely misses you. The steam dragon claws you.
The steam dragon bites you but does no damage.
The steam dragon claws you.
* * * LOW HITPOINT WARNING * * *
You closely miss the steam dragon. Your headbutt misses the steam dragon.
The steam dragon is almost dead.
You are engulfed in a cloud of scalding steam.
* * * LOW HITPOINT WARNING * * *
The steam dragon bites you.
* * * LOW HITPOINT WARNING * * *
You block the steam dragon's attack. The steam dragon bites you.
* * * LOW HITPOINT WARNING * * *
The steam dragon claws you but does no damage.
You hit the steam dragon.
You kill the steam dragon!
The steam dragon scales are intact enough to wear.
You are engulfed in a cloud of scalding steam.
* * * LOW HITPOINT WARNING * * *
The steam dragon bites you!
You die...

.# ... .. ... .... ...
?....######### #.###
#..[@..§.####### .##...#
#..D.§§........# .##.#.#####
#.#######'##...#####. ..........#
#.##.................
.##....#..###.##........#..#####.
.##....#....#.##........#..#
.##....##.#.#.##........#..#
.##....##.....###########..#####.
[.'....+.........................


You could see a steam dragon.

Vanquished Creatures
  Grinder (D:5)
  A steam dragon (D:5)
  A water moccasin (D:5)
  A black bear (D:4)
  2 ogres (D:4)
  2 phantoms (D:5)
  A scorpion (D:4)
  An orc priest (D:5)
  An iguana (D:5)
  An orc wizard (D:5)
  8 adders
  A white imp (D:4)
  2 worms (D:3)
  5 dart slugs
  2 orcs
  8 ball pythons
  14 endoplasms
  3 giant cockroaches
  7 goblins
  8 hobgoblins
  A quokka (D:2)
  5 bats
  10 frilled lizards
  8 kobolds
  7 rats
101 creatures vanquished.

Vanquished Creatures (others)
  5 fungi (D:5)
5 creatures vanquished.

Grand Total: 106 creatures vanquished

Notes
Turn   | Place    | Note
-------+----------+-------------------------------------------
     0 | D:1      | Iusername the Minotaur Fighter began the quest for the Orb.
     0 | D:1      | Reached XP level 1. HP: 19/19 MP: 0/0
    88 | D:1      | Reached XP level 2. HP: 19/27 MP: 1/1
   741 | D:1      | Found a faded altar of an unknown god.
   830 | D:1      | Found Ycuerras's Distillery.
  1028 | D:2      | Reached XP level 3. HP: 27/33 MP: 2/2
  1256 | D:2      | Reached XP level 4. HP: 41/41 MP: 3/3
  2609 | D:3      | Reached XP level 5. HP: 47/47 MP: 4/4
  3206 | D:4      | Reached skill level 5 in Armour
  3405 | D:4      | Noticed a black bear
  3410 | D:4      | Killed a black bear
  3411 | D:4      | Reached skill level 5 in Polearms
  3411 | D:4      | Reached XP level 6. HP: 33/55 MP: 5/5
  3827 | D:4      | Reached skill level 1 in Dodging
  4138 | D:4      | Reached skill level 5 in Fighting
  4452 | D:4      | Found Mynaut's Weapon Shop.
  4585 | D:5      | Entered Level 5 of the Dungeon
  4593 | D:5      | Noticed Grinder
  4595 | D:5      | Paralysed by Grinder for 5 turns
  4603 | D:5      | Paralysed by Grinder for 2 turns
  5339 | D:5      | Reached XP level 7. HP: 60/61 MP: 6/6
  5350 | D:5      | Paralysed by Grinder for 4 turns
  5743 | D:5      | Paralysed by Grinder for 2 turns
  5749 | D:5      | Killed Grinder
  5750 | D:5      | Reached skill level 1 in Evocations
  6116 | D:5      | Reached XP level 8. HP: 70/70 MP: 7/7
  6159 | D:5      | Slain by a steam dragon

Illustrated notes

Levels and vault maps discovered:
D:1:      ebering_trefoil_3fold, layout_loops_ring,
          chequers_ecumenical_altar_simple, serial_shops,
          nicolae_shop_waterfront, minmay_lizard_pond
D:2:      wad_crossroads, layout_basic, serial_glass, glass_columns_c,
          glass_columns_c
D:3:      layout_basic
D:4:      layout_basic, serial_shops, nicolae_square_shop
D:5:      kennysheep_steamy, layout_basic, minmay_temple_entry_antechambers,
          gup_sewer_entry_spiral, uniq_grinder

Skill      XL: |  1  2  3  4  5  6  7 |
---------------+----------------------+-----
Fighting       | 4 5 |  5.6
Armour         | 4 5 7 |  7.2
Polearms       | 3 4 5 6 7 |  7.5
Shields        | 4 |  4.3
Dodging        | 1 |  1.7
Evocations     | 1 |  1.0
Throwing       | |  0.4
Stealth        | |  0.3

Action                   |  1- 3 |  4- 6 |  7- 9 || total
-------------------------+-------+-------+-------++-------
Melee: Trident           |    77 |   129 |    42 ||   248
       Headbutt          |     8 |    18 |     9 ||    35
Throw: Javelin           |     4 |       |       ||     4
Evoke: Wand              |       |     2 |     1 ||     3
  Use: Potion            |       |     1 |     1 ||     2
       Scroll            |       |    10 |     1 ||    11
Armor: Scale mail        |    21 |    57 |    15 ||    93
Dodge: Dodged            |    21 |    37 |    20 ||    78
Block: Buckler           |     6 |    14 |     8 ||    28

Table legend: (Time is in decaauts)
 A = Elapsed time spent in this place.
 B = Non-inter-level travel time spent in this place.
 C = Inter-level travel time spent in this place.
 D = Time resting spent in this place.
 E = Time spent auto-exploring this place.
 F = Levels seen in this place.
 G = Mean time per level.
                   A        B        C        D        E       F      G
               +--------+--------+--------+--------+--------+-----+--------+
         Total |   6190 |   6046 |    144 |   1747 |   3642 |   5 | 1238.0 |
       Dungeon |   6190 |   6046 |    144 |   1747 |   3642 |   5 | 1238.0 |
               +--------+--------+--------+--------+--------+-----+--------+

Top non-repeatable levels by time:
     D:4: 2499 daAuts
     D:2: 1238 daAuts
     D:3: 1013 daAuts
     D:1: 969 daAuts
     D:5: 470 daAuts
